 Dungeon Crawl Stone Soup version 0.29.1-12-g30fa7ad0bf (webtiles) character file.

Game seed: 13570776904876340658

79 IcyTea the Shield-Bearer (level 4, -2/37 HPs)
             Began as a Formicid Fighter on Dec 23, 2022.
             Was an Initiate of Zin.
             Slain by an iguana (12 damage)
             ... on level 4 of the Dungeon.
             The game lasted 00:04:22 (1873 turns).

IcyTea the Shield-Bearer (Formicid Fighter)         Turns: 1873, Time: 00:04:22

Health: -2/37      AC:  7    Str: 21    XL:     4   Next: 62%
Magic:  4/4        EV:  9    Int:  9    God:    Zin [......]
Gold:   75         SH:  5    Dex: 13    Spells: 3/3 levels left

rFire   . . .      SeeInvis +   a - +0 trident
rCold   . . .      Faith    .   c - +0 buckler
rNeg    . . .      Spirit   .   b - +0 scale mail
rPois   .          Reflect  .   (helmet unavailable)
rElec   .          Harm     .   (no cloak)
rCorr   .          Rampage  .   (no gloves)
Will    +....                   (no boots)
Stlth   ..........              (no amulet)
HPRegen 0.12/turn               i - ring of willpower
MPRegen 0.09/turn               (no ring)

@: no status effects
A: permanent stasis, dig shafts and tunnels, antennae 3, four strong arms
a: Dig, Shaft Self, Renounce Religion, Donate Gold


You were on level 4 of the Dungeon.
You worshipped Zin.
Zin was noncommittal.
You visited 1 branch of the dungeon, and saw 3 of its levels.

You collected 83 gold pieces.
You donated 8 gold pieces to Zin.

Inventory:

Hand Weapons
 a - a +0 trident (weapon)
Missiles
 g - 3 poisoned darts (quivered)
Armour
 b - a +0 scale mail (worn)
 c - a +0 buckler (worn)
Jewellery
 i - a ring of willpower (left hand)
Scrolls
 e - a scroll of vulnerability {unknown}
 h - a scroll of poison
 k - a scroll of enchant weapon {unknown}
Potions
 d - a potion of might
 f - 4 potions of curing
 j - a potion of invisibility {unknown}
 l - a potion of haste {unknown}


   Skills:
 + Level 3.9 Fighting
 + Level 2.8 Polearms
 + Level 4.0 Armour
 + Level 4.7 Shields


You had 3 spell levels left.
You didn't know any spells.
Your spell library was empty.

Dungeon Overview and Level Annotations

Branches:
Dungeon (2/15)

Altars:
Gozag
Zin


Innate Abilities, Weirdness & Mutations

You cannot be hasted, slowed, berserked, paralysed or teleported.
You can dig through walls and to a lower floor.
You have a pair of large antennae on your head. (SInv)
Your four strong arms can wield two-handed weapons with a shield.


Message History

You feel sick.
You are no longer poisoned.
The iguana closely misses you. The kobold hits you but does no damage.
You barely miss the iguana. The iguana bites you.
The kobold completely misses you.
You hit the kobold.
You kill the kobold!
The iguana bites you! The iguana bites you.
You hit the iguana.
The iguana is lightly wounded.
The iguana bites you but does no damage.
You barely miss the iguana.
The iguana is lightly wounded.
The iguana closely misses you.
You hit the iguana but do no damage.
The iguana is lightly wounded.
The iguana bites you.
You hit the iguana.
The iguana is moderately wounded.
The iguana closely misses you.
You barely miss the iguana.
The iguana is moderately wounded.
You block the iguana's attack.
You hit the iguana but do no damage.
The iguana is moderately wounded.
You block the iguana's attack. The iguana bites you!
* * * LOW HITPOINT WARNING * * *
You hit the iguana.
The iguana is heavily wounded.
The iguana barely misses you.
You closely miss the iguana.
The iguana is heavily wounded.
You block the iguana's attack.
You closely miss the iguana.
The iguana is heavily wounded.
You block the iguana's attack.
You closely miss the iguana.
The iguana is heavily wounded.
The iguana bites you!
You die...

#...###'###
#.###.....##
#.##.......#
##.##._..._.#
#...#.......#
#...#################
#....................
############.........
#.@l......
#......)....##
#...........#
#...........#
#...........#
#...........#
#...........#
#...........+


You could see an iguana.

Vanquished Creatures
  3 adders (D:2)
  3 worms (D:2)
  A dart slug (D:2)
  2 ball pythons (D:1)
  An endoplasm (D:2)
  A giant cockroach (D:1)
  4 goblins
  9 hobgoblins
  5 quokkas
  2 bats
  A frilled lizard (D:2)
  4 kobolds
  5 rats (D:1)
41 creatures vanquished.

Notes
Turn   | Place    | Note
-------+----------+-------------------------------------------
     0 | D:1      | IcyTea the Formicid Fighter began the quest for the Orb.
     0 | D:1      | Reached XP level 1. HP: 18/18 MP: 1/1
   261 | D:1      | Reached XP level 2. HP: 17/24 MP: 2/2
   757 | D:1      | Reached XP level 3. HP: 27/29 MP: 3/3
  1334 | D:2      | Reached XP level 4. HP: 36/37 MP: 4/4
  1808 | D:2      | Found a faded altar of an unknown god.
  1816 | D:2      | You fall into a shaft and drop 2 floors!
  1818 | D:4      | Found an opulent altar of Gozag.
  1819 | D:4      | Found a glowing silver altar of Zin.
  1833 | D:4      | Became a worshipper of Zin the Law-Giver
  1873 | D:4      | Slain by an iguana

Illustrated notes

Levels and vault maps discovered:
D:1:      lemuel_arrival_behind_the_door_large, layout_basic,
          minmay_close_crescents
D:2:      layout_basic, basic_ecumenical_altar
D:4:      layout_basic, grunt_temple_overflow_gold_and_silver,
          amcnicky_altar_gilded, lemuel_round_altar,
          grunt_temple_overflow_cloverleaf, minmay_temple_entry_fiery

Skill      XL: |  1  2  3  4 |
---------------+-------------+-----
Armour         | 4 |  4.0
Fighting       | |  3.9
Polearms       | |  2.8
Shields        | |  4.7

Action                   |  1- 3 |  4- 6 || total
-------------------------+-------+-------++-------
Melee: Trident           |   102 |    70 ||   172
  Use: Scroll            |     4 |       ||     4
Armor: Scale mail        |    41 |    27 ||    68
Dodge: Dodged            |    43 |    24 ||    67
Block: Buckler           |    22 |    20 ||    42
